 Dungeon Crawl Stone Soup version 0.27-a0-795-ge5c3fa52fd (webtiles) character file.

Game seed: 7290001978566727494

63 EnegeticOcto the Magician (level 4, -6/34 HPs)
             Began as a Djinni Conjurer on Mar 27, 2021.
             Mangled by a gnoll sergeant
             ... wielding a +3 spear of venom
              (12 damage)
             ... on level 4 of the Dungeon.
             The game lasted 00:02:46 (443 turns).

EnegeticOcto the Magician (Djinni Conjurer)          Turns: 443, Time: 00:02:47

Health: -6/34      AC:  3    Str:  6    XL:     4   Next: 10%
Gold:   47         EV: 12    Int: 20    God:
                   SH:  0    Dex: 12

rFire    + + .     SeeInvis .   (no weapon)
rCold    x . .     Faith    .   (no shield)
rNeg     . . .     Spirit   .   a - +0 robe
rPois    ∞         Reflect  .   (no helmet)
rElec    .         Harm     +   i - scarf {harm}
rCorr    .         Rampage  .   h - +0 pair of gloves
Will     .....                  (boots unavailable)
Stlth    ++........             (no amulet)
HPRegen  0.11/turn              (no ring)
MPRegen  0.00/turn              (no ring)

@: about to teleport, flying
A: fire resistance 2, cold vulnerability 1, float, innate caster, hp casting,
extra vitality 1
a: no special abilities


You were on level 4 of the Dungeon.
You visited 1 branch of the dungeon, and saw 4 of its levels.

You collected 47 gold pieces.

Inventory:

Missiles
 b - 6 boomerangs
 d - 4 silver javelins
Armour
 a - a +0 robe (worn)
 h - a +0 pair of gloves (worn)
   (You found it on level 3 of the Dungeon)
 i - a scarf of harm (worn)
   (You found it on level 3 of the Dungeon)
Scrolls
 e - a scroll of enchant weapon
Potions
 g - a potion of brilliance


   Skills:
 + Level 2.4 Fighting
 - Level 2.1 Dodging
 - Level 1.5 Stealth
 + Level 4.2 Spellcasting


You couldn't memorise any spells.
You knew the following spells:

 Your Spells              Type           Power      Damage    Failure   Level
a - Magic Dart            Conj           84%        1d7       2%          1
b - Searing Ray           Conj           42%        3d4       3%          2
c - Dazzling Flash        Conj/Hex       42%        N/A       6%          3
d - Fulminant Prism       Conj/Hex       10%        3d9       22%         4
e - Iskenderun's Mystic   Conj/Tloc      21%        2d6       22%         4
f - Pain                  Necr           84%        1d8       2%          1
Your spell library was empty.

Dungeon Overview and Level Annotations

Branches:
Dungeon (4/15)
 Temple: D:4-7

Altars:
Zin

Annotations:
D:4 Menkaure


Innate Abilities, Weirdness & Mutations

You are immune to poison.
Your flesh is very heat resistant. (rF++)
You are vulnerable to cold. (rC-)
You float through the air rather than walking.
You learn spells naturally, not from books.
Your magical power is your life essence.
You have superior vitality. (+4 HP)


Message History

As you read the scroll of identify {@r1}, it crumbles to dust.
g - a potion of brilliance Unknown command.
Unknown command.
An adder comes into view.
The adder hisses angrily.
The adder moves out of view.
An iguana comes into view.
You swap places.
You swap places.
Your kobold hits the adder with a +0 dagger.
The adder barely misses your worm. The adder bites your worm.
Your worm is poisoned.
The adder poisons your worm!
Your kobold misses the adder. What are your orders? t - Shout!
Orders for allies: a - Attack new target. r - Retreat! s - Stop attacking. g - Guard the area. f - Follow me.
Anything else - Cancel.
Gang up on whom?
Press: ? - help, Dir - move target, f - adder
Aim: an adder (lightly wounded, ally target) Attack!
The adder bites your worm.
Your worm looks even sicker.
The adder poisons your worm!
Your worm bites the adder!
Your kobold hits the adder with a +0 dagger.
The adder dies!
You swap places.
You swap places.
Casting: Magic Dart (safe; 2% risk of failure)
Confirm with . or Enter, or press ? or * to list all spells.
Aiming: Searing Ray (safe; 4% risk of failure)
Press: ? - help, Shift-Dir - straight line, f - iguana
Aim: an iguana (asleep, 0% to evade)
The searing ray hits the iguana.
The iguana is moderately wounded.
The iguana hisses angrily. (Press . to maintain the ray.)
The searing ray hits the iguana!
You kill the iguana!
Your Fighting skill increases to level 2!
Your Spellcasting skill increases to level 4!
You have reached level 3!
Your experience leads to an increase in your attributes!
Increase (s)trength, (i)ntelligence, or (d)exterity?
You feel clever.
The power to cast Pain wells up from within.
Spell assigned to 'f'.
Found a scroll labelled UTUECE YMME.
c - a scroll labelled UTUECE YMME Your worm looks more healthy.
The frilled lizard hisses angrily.
The frilled lizard hisses angrily.
The frilled lizard hisses angrily.
Found a ring mail.
The frilled lizard unfolds its giant frill.
Your kobold dissolves into shadows! 2 gnolls come into view.
The gnoll shouts!
You hear a shout!
The gnoll shouts!
Casting: Searing Ray (safe; 3% risk of failure)
Confirm with . or Enter, or press ? or * to list all spells.
Aiming: Searing Ray (safe; 3% risk of failure)
Press: ? - help, Shift-Dir - straight line, f - gnoll
Aim: a gnoll, wielding a +0 spear (19% to evade)
The searing ray hits the gnoll.
The gnoll is moderately wounded.
The searing ray misses the gnoll. (Press . to maintain the ray.)
The searing ray hits the gnoll.
The gnoll is almost dead.
The searing ray hits the gnoll!
The gnoll is almost dead.
The gnoll hits you with a +0 club!
* * * LOW HITPOINT WARNING * * *
A gnoll sergeant comes into view. It is wielding a +3 spear of venom.
The searing ray hits the gnoll!
You kill the gnoll!
The searing ray hits the gnoll!
You kill the gnoll!
* * * LOW HITPOINT WARNING * * *
You have reached level 4!
You feel agile.
The frilled lizard hisses angrily.
Okay, then.
Menkaure, Prince of Dust comes into view.
You aren't carrying any items that you can evoke.
Unknown command.
Okay, then.
Okay, then.
As you read the scroll labelled UTUECE YMME, it crumbles to dust.
You feel strangely unstable.
It was a scroll of teleportation.
Menkaure shouts!
The gnoll sergeant hits you from afar with a +3 spear of venom.
Menkaure calls on the powers of darkness!
Your body is wracked with pain!
* * * LOW HITPOINT WARNING * * *
The gnoll sergeant hits you from afar with a +3 spear of venom!
You die...

#.#######
#.....<.# #
#######.## #
#####...###
#.....#....
########.###...###
#..g.....# ##.## #
#@######## ##.####
#.# #...... #M#
#..#### #.. #..# #
### #..####
#..##.. #..##.#
......# ...## #


You could see a gnoll sergeant and Menkaure.

Vanquished Creatures
  An iguana (D:4)
  2 gnolls (D:4)
  A ball python (D:1)
  3 bats (D:1)
  2 endoplasms
  A hobgoblin (D:3)
  2 quokkas
  2 frilled lizards
  A kobold (D:1)
15 creatures vanquished.

Vanquished Creatures (collateral kills)
  An adder (D:4)
1 creature vanquished.

Vanquished Creatures (others)
  4 fungi (D:4)
4 creatures vanquished.

Grand Total: 20 creatures vanquished

Notes
Turn   | Place    | Note
-------+----------+-------------------------------------------
     0 | D:1      | EnegeticOcto the Djinni Conjurer began the quest for the
                  | Orb.
     0 | D:1      | Reached XP level 1. HP: 15/15 MP: 0/0
    46 | D:1      | Reached skill level 1 in Fighting
    46 | D:1      | Reached XP level 2. HP: 11/22 MP: 0/0
   147 | D:3      | Found a glowing silver altar of Zin.
   337 | D:4      | Reached skill level 2 in Fighting
   337 | D:4      | Reached skill level 4 in Spellcasting
   337 | D:4      | Reached XP level 3. HP: 17/28 MP: 0/0
   337 | D:4      | Learned a level 1 spell: Pain
   392 | D:4      | Noticed a gnoll sergeant
   394 | D:4      | Reached XP level 4. HP: 7/34 MP: 0/0
   440 | D:4      | Noticed Menkaure
   443 | D:4      | Mangled by a gnoll sergeant

Illustrated notes

Levels and vault maps discovered:
D:1:      eino_arrival_water_star, layout_basic
D:2:      layout_loops_ring
D:3:      layout_basic, lemuel_coloured_pillars_altar, zin_academy,
          uniq_crazy_yiuf_cottage
D:4:      layout_loops_ring, serial_aquarium, aquarium_bridge_long_separate
          [aquarium_subvault_window, aquarium_subvault_bridge,
          aquarium_subvault_bridge, aquarium_subvault_bridge,
          aquarium_subvault_bridge, aquarium_subvault_bridge],
          aquarium_window_3, aquarium_window_fake, aquarium_window_fake,
          aquarium_window_corner, aquarium_view_2f, aquarium_view_2d,
          aquarium_balcony_3a, grunt_ministairs_6, uniq_menkaure

Skill      XL: |  1  2 |
---------------+-------+-----
Fighting       | 1 2 |  2.4
Spellcasting   | 4 |  4.2
Dodging        | |  2.1
Stealth        | |  1.5

Action                   |  1- 3 |  4- 6 || total
-------------------------+-------+-------++-------
 Cast: Magic Dart        |    21 |       ||    21
       Searing Ray       |     2 |       ||     2
  Use: Scroll            |     3 |     1 ||     4
Dodge: Dodged            |     1 |       ||     1

Table legend: (Time is in decaauts)
 A = Elapsed time spent in this place.
 B = Non-inter-level travel time spent in this place.
 C = Inter-level travel time spent in this place.
 D = Time resting spent in this place.
 E = Time spent auto-exploring this place.
 F = Levels seen in this place.
 G = Mean time per level.
                   A        B        C        D        E       F      G
               +--------+--------+--------+--------+--------+-----+--------+
         Total |    443 |    436 |      7 |      0 |      0 |   4 |  110.8 |
       Dungeon |    443 |    436 |      7 |      0 |      0 |   4 |  110.8 |
               +--------+--------+--------+--------+--------+-----+--------+

Top non-repeatable levels by time:
     D:3: 143 daAuts
     D:4: 122 daAuts
     D:1: 98 daAuts
     D:2: 79 daAuts
